 Dungeon Crawl Stone Soup version 0.27.0-1-g7a089689b8 (webtiles) character file.

Game seed: 3293178593743326266

99 Gunterle the Sneak (level 5, -4/33 HPs)
             Began as a Kobold Delver on Aug 10, 2021.
             Slain by a mummy (15 damage)
             ... in an ossuary.
             The game lasted 00:03:00 (887 turns).

Gunterle the Sneak (Kobold Delver)                   Turns: 887, Time: 00:03:01

Health: -4/33      AC:  3    Str:  9    XL:     5   Next: 2%
Magic:  5/5        EV: 15    Int: 13    God:
Gold:   11         SH:  0    Dex: 16    Spells: 4/4 levels left

rFire    . . .     SeeInvis .   a - +0 short sword
rCold    . . .     Faith    .   (shield restricted)
rNeg     . . .     Spirit   .   b - +0 leather armour
rPois    .         Reflect  .   (no helmet)
rElec    .         Harm     .   (no cloak)
rCorr    .         Rampage  .   (no gloves)
Will     .....                  (no boots)
Stlth    ++++......             (no amulet)
HPRegen  0.11/turn              (no ring)
MPRegen  0.09/turn              (no ring)

@: no status effects
A: small, no large weapons, nightstalker 3
a: no special abilities


You were in an ossuary.
You visited 1 branch of the dungeon, and saw 2 of its levels.
You also visited: Ossuary.

You collected 11 gold pieces.

Inventory:

Hand Weapons
 a - a +0 short sword (weapon)
Armour
 b - a +0 leather armour (worn)
Wands
 g - a wand of digging (3)
Scrolls
 c - a scroll of fog
 e - a scroll of fear
Potions
 h - a potion of might {unknown}


   Skills:
 + Level 3.9 Fighting
 * Level 4.5 Short Blades
 + Level 3.3 Dodging
 + Level 7.1 Stealth


You had 4 spell levels left.
You didn't know any spells.
Your spell library was empty.

Dungeon Overview and Level Annotations

Branches:
Dungeon (5/15)            Ossuary (1/1)
 Temple: D:4-7

Altars:

Annotations:
D:5 exclusions: ice beast and skeleton, Menkaure


Innate Abilities, Weirdness & Mutations

You are small and have problems with some larger weapons.
You are completely attuned to the shadows.


Message History

The mummy closely misses you.
You closely miss the mummy.
The mummy is moderately damaged.
You hit the mummy but do no damage.
The mummy is moderately damaged.
The mummy hits you!
You are too injured to fight recklessly!
You are too injured to fight recklessly!
You are too injured to fight recklessly!
You are too injured to fight recklessly!
You are too injured to fight recklessly!
You are too injured to fight recklessly!
You are too injured to fight recklessly!
You are too injured to fight recklessly!
You are too injured to fight recklessly!
You are too injured to fight recklessly!
You are too injured to fight recklessly!
You are too injured to fight recklessly!
You are too injured to fight recklessly!
You are too injured to fight recklessly!
You are too injured to fight recklessly!
You are too injured to fight recklessly!
You are too injured to fight recklessly!
You are too injured to fight recklessly!
You are too injured to fight recklessly!
You are too injured to fight recklessly!
You are too injured to fight recklessly!
You are too injured to fight recklessly!
You are too injured to fight recklessly!
You hit the mummy.
The mummy is moderately damaged.
You hit the mummy but do no damage.
The mummy is moderately damaged.
The mummy closely misses you.
You barely miss the mummy.
The mummy is moderately damaged.
You hit the mummy but do no damage.
The mummy is moderately damaged.
The mummy hits you!
You die...

#########
#########
#∩..#...#!!
#...#...#
#...'.∩.#??
+.M@'...#
#...#...#!?
#...#...#
#...#####
#####...#
#...# #...#
##'## ###'#
#...# #...#
#...# #...#
#...# #...#
#...# #...#


You could see a mummy.

Vanquished Creatures
  A water moccasin zombie (Ossuary)
  A mummy (Ossuary)
  7 adder zombies (Ossuary)
  3 gnoll zombies (Ossuary)
  3 hobgoblin zombies (Ossuary)
  4 kobold zombies (Ossuary)
  An orc zombie (Ossuary)
20 creatures vanquished.

Notes
Turn   | Place    | Note
-------+----------+-------------------------------------------
     0 | D:5      | Gunterle the Kobold Delver began the quest for the Orb.
     0 | D:5      | Reached XP level 1. HP: 14/14 MP: 1/1
    29 | D:5      | Noticed an ice beast
    99 | D:5      | Noticed Menkaure
   140 | D:4      | Noticed a necrophage
   164 | D:4      | Found a sand-covered staircase.
   170 | Ossuary  | Entered an ossuary
   183 | Ossuary  | Reached XP level 2. HP: 19/19 MP: 2/2
   316 | Ossuary  | Reached XP level 3. HP: 18/23 MP: 3/3
   602 | Ossuary  | Reached skill level 7 in Stealth
   602 | Ossuary  | Reached XP level 4. HP: 7/29 MP: 4/4
   873 | Ossuary  | Reached XP level 5. HP: 33/33 MP: 5/5
   887 | Ossuary  | Slain by a mummy

Illustrated notes

Levels and vault maps discovered:
D:4:      layout_rooms, enter_ossuary_4
D:5:      layout_basic, uniq_menkaure, uniq_ijyb
Ossuary:  ossuary_tomb_2

Skill      XL: |  1  2  3 |
---------------+----------+-----
Short Blades   | 3 4 |  4.5
Dodging        | 3 |  3.3
Stealth        | 7 |  7.1
Fighting       | |  3.9

Action                   |  1- 3 |  4- 6 || total
-------------------------+-------+-------++-------
Melee: Short sword       |    72 |    21 ||    93
  Use: Scroll            |     1 |       ||     1
       Potion            |     1 |       ||     1
 Stab: Sleeping          |    11 |     2 ||    13
Armor: Leather armour    |    10 |       ||    10
Dodge: Dodged            |    38 |     6 ||    44
